 Dungeon Crawl Stone Soup version 0.30.0-15-g856e2d3f33 (webtiles) character file.

Game seed: 14897123062821794298

473 Kenran the Carver (level 6, 0/50 HPs)
             Began as a Minotaur Gladiator on May 18, 2023.
             Slain by Natasha (7 damage)
             ... on level 3 of the Dungeon.
             The game lasted 00:03:58 (2705 turns).

Kenran the Carver (Minotaur Gladiator)              Turns: 2705, Time: 00:03:58

Health: 0/50       AC:  5    Str: 18    XL:     6   Next: 83%
Magic:  5/5        EV: 11    Int:  5    God:
Gold:   194        SH:  3    Dex: 14    Spells: 5/5 levels left

rFire   + . .        a - +0 long sword
rCold   . . .        i - +0 buckler
rNeg    . . .        q - +0 ring mail
rPois   .            c - +0 hat
rElec   .            (no cloak)
rCorr   .            (no gloves)
SInv    .            (no boots)
Will    .....        (no amulet)
Stlth   +            g - ring of protection from fire
HPRegen 0.28/turn    (no ring)
MPRegen 0.09/turn

%: no passive effects
@: slowed, very slow
A: horns 2, retaliatory headbutt
a: no special abilities


You were on level 3 of the Dungeon.
You visited 1 branch of the dungeon, and saw 3 of its levels.

You collected 194 gold pieces.

Inventory:

Hand Weapons
 a - a +0 long sword (weapon)
Missiles
 d - a throwing net (quivered)
 e - a javelin
Armour
 c - a +0 hat (worn)
 i - a +0 buckler (worn)
 q - a +0 ring mail (worn)
Jewellery
 g - a ring of protection from fire (left hand)
Wands
 t - a wand of charming (8)
 w - a wand of polymorph (8)
Scrolls
 f - a scroll of brand weapon {unknown}
 m - a scroll of poison {unknown}
 n - 2 scrolls of enchant armour {unknown}
 r - a scroll of identify {unknown}
 u - 3 scrolls of teleportation {unknown}
 v - a scroll of fear {unknown}
 y - 2 scrolls of immolation {unknown}
Potions
 b - 2 potions of heal wounds {unknown}
 h - 3 potions of ambrosia {unknown}
 j - a potion of flight {unknown}
 k - a potion of attraction {unknown}
 l - a potion of brilliance {unknown}
 o - a potion of berserk rage {unknown}
 p - a potion of invisibility {unknown}
 s - a potion of haste {unknown}
 x - a potion of resistance {unknown}


   Skills:
 - Level 2.4 Fighting
 + Level 9.4 Long Blades
 - Level 2.0 Throwing
 - Level 3.2 Dodging


You had 5 spell levels left.
You didn't know any spells.
Your spell library contained the following spells:

 Spells                   Type           Power      Damage    Failure   Level
 Magic Dart               Conj           0%         1d3       77%         1
 Ensorcelled Hibernation  Hex/Ice        0%         N/A       88%         2
 Passwall                 Tmut/Erth      0%         N/A       88%         2
 Searing Ray              Conj           0%         2d4       88%         2
 Swiftness                Air            0%         N/A       98%         3
 Fulminant Prism          Conj/Hex       0%         3d5       100%        4


Dungeon Overview and Level Annotations

Branches:
Dungeon (3/15)

Altars:
Elyvilon

Annotations:
D:3 1 runed translucent door, Crazy Yiuf, Natasha


Innate Abilities, Weirdness & Mutations

You have a pair of horns on your head.
You reflexively headbutt those who attack you in melee.


Message History

You resist with significant effort.
You hit Grinder.
Grinder is almost dead.
Grinder hits you!
You writhe in agony.
You barely miss Grinder.
Grinder is almost dead.
Natasha, Servant of Life and Death comes into view.
She is carrying a wand of roots (9).
Grinder blinks!
Throw: 2 throwing nets
Press: ? - help, Shift-Dir - straight line, f - Grinder
Aim: Grinder (almost dead, 57% to hit)
You throw a throwing net. The throwing net barely misses Grinder.
Natasha growls.
Grinder hits you.
You writhe in agony.
* * * LOW HITPOINT WARNING * * *
You hit Grinder.
You kill Grinder!
Your Long Blades skill increases to level 9!
Natasha zaps a wand.
The roots erupt in riotous growth!
The grasping roots grab you! The grasping roots constrict you.
* * * LOW HITPOINT WARNING * * *
You escape the roots grasp.
Natasha extends her claws.
Natasha stares at you and mumbles some strange words.
You feel yourself slow down. Natasha barely misses you. Natasha claws you.
* * * LOW HITPOINT WARNING * * *
Things that are here:
a lumpy grey potion; a throwing net You hit Natasha.
Natasha is moderately wounded.
Natasha claws you.
* * * LOW HITPOINT WARNING * * *
You closely miss Natasha.
Natasha is moderately wounded.
Natasha claws you.
* * * LOW HITPOINT WARNING * * *
Natasha claws you!
You die...

##.......#.......#
###.#..##.......#
#.#..##########
#.#..###
#......########
#....#..†.....####
#.##.............#
#.####..#..)#.##.###.
#. #..##...@h......
....##.##.##.####
####.##.##.# #####
#..........#
....#################
##......# #..###.#
#..###.# ##...##.#


You could see Natasha.

Vanquished Creatures
  Grinder (D:3)
  2 orc priests (D:3)
  Jessica (D:2)
  Terence (D:2)
  Natasha (D:3)
  An orc wizard (D:3)
  3 adders
  A worm (D:3)
  3 dart slugs
  8 orcs
  5 bats
  6 endoplasms
  3 giant cockroaches (D:1)
  6 hobgoblins
  3 quokkas
  6 ball pythons
  3 frilled lizards
  3 goblins
  4 kobolds
  9 rats
70 creatures vanquished.

Notes
Turn   | Place    | Note
-------+----------+-------------------------------------------
     0 | D:1      | Kenran the Minotaur Gladiator began the quest for the Orb.
     0 | D:1      | Reached XP level 1. HP: 18/18 MP: 0/0
   194 | D:1      | Reached skill level 4 in Long Blades
   341 | D:1      | Reached XP level 2. HP: 25/25 MP: 1/1
   731 | D:1      | Reached skill level 5 in Long Blades
   770 | D:1      | Reached XP level 3. HP: 25/30 MP: 2/2
  1233 | D:2      | Noticed Terence
  1261 | D:2      | Killed Terence
  1291 | D:2      | Reached skill level 6 in Long Blades
  1291 | D:2      | Reached XP level 4. HP: 37/37 MP: 3/3
  1384 | D:2      | Noticed Jessica
  1394 | D:2      | Killed Jessica
  1883 | D:3      | Found a runed translucent door.
  1884 | D:3      | Noticed Crazy Yiuf
  1978 | D:3      | Reached skill level 7 in Long Blades
  1978 | D:3      | Reached XP level 5. HP: 7/42 MP: 4/4
  2183 | D:3      | Noticed Natasha
  2203 | D:3      | Killed Natasha
  2215 | D:3      | Reached skill level 8 in Long Blades
  2369 | D:3      | Found a white marble altar of Elyvilon.
  2674 | D:3      | Reached XP level 6. HP: 50/50 MP: 5/5
  2675 | D:3      | Noticed Grinder
  2697 | D:3      | Noticed Natasha
  2700 | D:3      | Killed Grinder
  2701 | D:3      | Reached skill level 9 in Long Blades
  2705 | D:3      | Slain by Natasha

Illustrated notes

Levels and vault maps discovered:
D:1:      dpeg_arrival_lava_altar, layout_basic
D:2:      layout_rooms, uniq_terence, uniq_jessica
D:3:      layout_loops_cross, elyvilon_altar_1, chequers_arboretum,
          uniq_grinder, uniq_crazy_yiuf_cottage, uniq_natasha

Skill      XL: |  1  2  3  4  5  6 |
---------------+-------------------+-----
Long Blades    | 4 5 6 7 8 9 |  9.4
Fighting       | |  2.4
Throwing       | |  2.0
Dodging        | |  3.2

Action                     |  1- 3 |  4- 6 || total
---------------------------+-------+-------++-------
  Melee: Long sword        |    62 |   106 ||   168
         Headbutt          |    14 |    15 ||    29
  Throw: Throwing net      |     2 |     1 ||     3
   Stab: Held in net/web   |     1 |       ||     1
 Armour: Leather armour    |    11 |       ||    11
         Ring mail         |       |    27 ||    27
  Dodge: Dodged            |    31 |    42 ||    73
  Block: Buckler           |     7 |    15 ||    22
